TOP OF THE 1ST |
Hudson Valley Renegades batting - Pitching for Aberdeen Ironbirds : RHP Jonathan Spicer
|
Pitching: RHP Jonathan Spicer
|
|
Batting: LHB Jonathan Spino
|
0-0: Called Strike 0-1: Ball 1-1: Swinging Strike 1-2: Ball 2-2: Ball 3-2: Foul Ball, location: 2F 3-2: Base on Balls
|
Batting: SHB Chris Lockart
|
0-0: Called Strike 0-1: Foul Ball, location: 2F 0-2: Ball Jonathan Spino steals 2nd base 1-2: Ground out 1-3 (Groundball, 13, EV 74.4 MPH) Jonathan Spino to third
|
Batting: SHB Joey Pacheco
|
0-0: Called Strike 0-1: Ball 1-1: Called Strike 1-2: Ball 2-2: Ball 3-2: Base on Balls
|
Batting: LHB Eric Toney
|
0-0: Ball Joey Pacheco steals 2nd base 1-0: Swinging Strike 1-1: Ball 2-1: Ball 3-1: Called Strike 3-2: Strikes out looking
|
Batting: RHB Dave Galloway
|
0-0: Called Strike 0-1: Called Strike 0-2: Ball 1-2: Foul Ball, location: 2F 1-2: Ground out 6-3 (Groundball, 6, EV 88.1 MPH)
|
Top of the 1st over - 0 runs, 0 hits, 0 errors, 2 left on base; Hudson Valley 0 - Aberdeen 0 |
BOTTOM OF THE 1ST |
Aberdeen Ironbirds batting - Pitching for Hudson Valley Renegades : RHP Juan Estrella
|
Pitching: RHP Juan Estrella
|
|
Batting: RHB Tony Godley
|
0-0: Foul Ball, location: 2F 0-1: Ball 1-1: Swinging Strike 1-2: Foul Ball, location: 2F 1-2: Ball 2-2: Strikes out looking
|
Batting: RHB Mike Pitts
|
0-0: Ball 1-0: Foul Ball, location: 2F 1-1: Ball 2-1: Ball 3-1: Base on Balls
|
Batting: RHB Matt O'Dea
|
0-0: Grounds into double play, 4-6-3 (Groundball, 34, EV 85.6 MPH)
|
Bottom of the 1st over - 0 runs, 0 hits, 0 errors, 0 left on base; Hudson Valley 0 - Aberdeen 0 |
TOP OF THE 2ND |
Hudson Valley Renegades batting - Pitching for Aberdeen Ironbirds : RHP Jonathan Spicer
|
Batting: RHB Nelle Lommen
|
0-0: Ball 1-0: Called Strike 1-1: Ball 2-1: Fly out, F8 (Flyball, 89S, EV 95.0 MPH)
|
Batting: LHB Jeremy Burton
|
0-0: Called Strike 0-1: Ball 1-1: Foul Ball, location: 2F 1-2: Strikes out looking
|
Batting: SHB Josif Popovski
|
0-0: Ball 1-0: Swinging Strike 1-1: Swinging Strike 1-2: Strikes out looking
|
Top of the 2nd over - 0 runs, 0 hits, 0 errors, 0 left on base; Hudson Valley 0 - Aberdeen 0 |
BOTTOM OF THE 2ND |
Aberdeen Ironbirds batting - Pitching for Hudson Valley Renegades : RHP Juan Estrella
|
Batting: RHB Josh Hopp
|
0-0: Ball 1-0: Ball 2-0: Called Strike 2-1: Ball 3-1: Called Strike 3-2: Fly out, F7 (Line Drive, 7S, EV 89.4 MPH)
|
Batting: LHB Keith Long
|
0-0: Ground out 4-3 (Groundball, 4M, EV 90.6 MPH)
|
Batting: RHB Ethan Finke
|
0-0: Swinging Strike 0-1: SINGLE (Groundball, 25, EV 68.8 MPH) (infield hit)
|
Batting: RHB Daniel Jackson
|
0-0: Ground out 4-3 (Groundball, 4, EV 93.8 MPH)
|
Bottom of the 2nd over - 0 runs, 1 hit, 0 errors, 1 left on base; Hudson Valley 0 - Aberdeen 0 |
TOP OF THE 3RD |
Hudson Valley Renegades batting - Pitching for Aberdeen Ironbirds : RHP Jonathan Spicer
|
Batting: LHB Alex Genao
|
0-0: Ball 1-0: Ground out 4-3 (Groundball, 4, EV 101.2 MPH)
|
Batting: LHB Jonathan Spino
|
0-0: Ball 1-0: Swinging Strike 1-1: Ground out 4-3 (Groundball, 4S, EV 76.2 MPH)
|
Batting: SHB Chris Lockart
|
0-0: Called Strike 0-1: Called Strike 0-2: Strikes out looking
|
Top of the 3rd over - 0 runs, 0 hits, 0 errors, 0 left on base; Hudson Valley 0 - Aberdeen 0 |
BOTTOM OF THE 3RD |
Aberdeen Ironbirds batting - Pitching for Hudson Valley Renegades : RHP Juan Estrella
|
Batting: RHB Luke Vaccarino
|
0-0: DOUBLE (Line Drive, 89XD, EV 100.6 MPH)
|
Batting: RHB Ismael Macedo
|
0-0: Ball 1-0: Foul Ball, location: 2F 1-1: Ball 2-1: Called Strike 2-2: Ground out 6-3 (Groundball, 6, EV 96.9 MPH)
|
Batting: RHB Tony Godley
|
0-0: Ball 1-0: Foul Ball, location: 2F 1-1: 2-RUN HOME RUN (Flyball, 78XD, EV 105.0 MPH), Distance : 441 ft
|
Batting: RHB Mike Pitts
|
0-0: Called Strike 0-1: Ball 1-1: DOUBLE (Line Drive, 9LD, EV 103.1 MPH)
|
Batting: RHB Matt O'Dea
|
0-0: Ball Wild Pitch! Mike Pitts to third 1-0: Ground out 6-3 (Groundball, 6, EV 86.2 MPH) Mike Pitts scores
|
Batting: RHB Josh Hopp
|
0-0: Called Strike 0-1: Foul Ball, location: 2F 0-2: Strikes out swinging
|
Bottom of the 3rd over - 3 runs, 3 hits, 0 errors, 0 left on base; Hudson Valley 0 - Aberdeen 3 |
TOP OF THE 4TH |
Hudson Valley Renegades batting - Pitching for Aberdeen Ironbirds : RHP Jonathan Spicer
|
Batting: SHB Joey Pacheco
|
0-0: Called Strike 0-1: Ball 1-1: Called Strike 1-2: Strikes out swinging, 2-3 out at first.
|
Batting: LHB Eric Toney
|
0-0: Foul Ball, location: 2F 0-1: Ball 1-1: Swinging Strike 1-2: Ball 2-2: Strikes out swinging
|
Batting: RHB Dave Galloway
|
0-0: Ball 1-0: Ball 2-0: Called Strike 2-1: Foul Ball, location: 2F 2-2: Strikes out swinging
|
Top of the 4th over - 0 runs, 0 hits, 0 errors, 0 left on base; Hudson Valley 0 - Aberdeen 3 |
BOTTOM OF THE 4TH |
Aberdeen Ironbirds batting - Pitching for Hudson Valley Renegades : RHP Juan Estrella
|
Batting: LHB Keith Long
|
0-0: Foul Ball, location: 2F 0-1: Foul Ball, location: 2F 0-2: Ground out 6-3 (Groundball, 6MD, EV 100.0 MPH)
|
Batting: RHB Ethan Finke
|
0-0: Called Strike 0-1: Ball 1-1: Called Strike 1-2: Foul Ball, location: 2F 1-2: Hit by Pitch
|
Batting: RHB Daniel Jackson
|
0-0: Swinging Strike 0-1: Ball 1-1: Ball 2-1: Foul Ball, location: 2F 2-2: Foul Ball, location: 2F 2-2: Ball 3-2: Fly out, F8 (Flyball, 8RM, EV 91.2 MPH)
|
Batting: RHB Luke Vaccarino
|
0-0: Called Strike Ethan Finke is caught stealing 2nd base 2-4
|
Bottom of the 4th over - 0 runs, 0 hits, 0 errors, 0 left on base; Hudson Valley 0 - Aberdeen 3 |
TOP OF THE 5TH |
Hudson Valley Renegades batting - Pitching for Aberdeen Ironbirds : RHP Jonathan Spicer
|
Batting: RHB Nelle Lommen
|
0-0: Ball 1-0: Foul Ball, location: 2F 1-1: Ground out 4-3 (Groundball, 4M, EV 98.8 MPH)
|
Batting: LHB Jeremy Burton
|
0-0: Called Strike 0-1: SINGLE (Line Drive, 6D, EV 98.1 MPH)
|
Batting: SHB Josif Popovski
|
0-0: Called Strike 0-1: Ball 1-1: Called Strike 1-2: Ball 2-2: Strikes out looking
|
Batting: LHB Alex Genao
|
0-0: Ball 1-0: Ball Wild Pitch! Jeremy Burton to second 2-0: Ground out 1-3 (Groundball, 15S, EV 71.2 MPH)
|
Top of the 5th over - 0 runs, 1 hit, 0 errors, 1 left on base; Hudson Valley 0 - Aberdeen 3 |
BOTTOM OF THE 5TH |
Aberdeen Ironbirds batting - Pitching for Hudson Valley Renegades : RHP Juan Estrella
|
Batting: RHB Luke Vaccarino
|
0-0: Called Strike 0-1: Foul Ball, location: 2F 0-2: SINGLE (Groundball, 6M, EV 107.5 MPH) (infield hit)
|
Batting: RHB Ismael Macedo
|
0-0: Called Strike 0-1: Fielders Choice at 2nd, 5-4 (Groundball, 56, EV 88.1 MPH)
|
Batting: RHB Tony Godley
|
0-0: Ball Ismael Macedo steals 2nd base 1-0: Ball 2-0: Ground out 5-3 (Groundball, 56, EV 96.9 MPH)
|
Batting: RHB Mike Pitts
|
0-0: Ball 1-0: Ball 2-0: Ground out 5-3 (Groundball, 5, EV 100.6 MPH)
|
Bottom of the 5th over - 0 runs, 1 hit, 0 errors, 1 left on base; Hudson Valley 0 - Aberdeen 3 |
TOP OF THE 6TH |
Hudson Valley Renegades batting - Pitching for Aberdeen Ironbirds : RHP Jonathan Spicer
|
Batting: LHB Jonathan Spino
|
0-0: Ball 1-0: SINGLE (Line Drive, 9S, EV 106.2 MPH)
|
Batting: SHB Chris Lockart
|
0-0: Foul Ball, location: 2F 0-1: Foul Ball, location: 2F 0-2: Ball 1-2: Ball Jonathan Spino steals 2nd, throwing error, E2 Jonathan Spino to third 2-2: Foul Ball, location: 2F 2-2: Foul Ball, location: 2F 2-2: Ball 3-2: Base on Balls
|
Pitching: RHP Jose Santos
|
|
Batting: SHB Joey Pacheco
|
0-0: Called Strike 0-1: Ball 1-1: Fielders Choice at 2nd, 4-6 (Groundball, 34S, EV 88.8 MPH) Jonathan Spino scores
|
Now at SS: Matt Berrier
|
|
Batting: LHB Eric Toney
|
0-0: Called Strike 0-1: Ball 1-1: DOUBLE (Line Drive, 5D, EV 101.9 MPH) Joey Pacheco to third
|
Batting: RHB Dave Galloway
|
0-0: Ball 1-0: Called Strike 1-1: Swinging Strike 1-2: Ball 2-2: Foul Ball, location: 2F 2-2: Strikes out swinging
|
Batting: RHB Nelle Lommen
|
0-0: Fly out, F8 (Flyball, 8LXD, EV 105.0 MPH)
|
Top of the 6th over - 1 run, 2 hits, 1 error, 2 left on base; Hudson Valley 1 - Aberdeen 3 |
BOTTOM OF THE 6TH |
Aberdeen Ironbirds batting - Pitching for Hudson Valley Renegades : RHP Juan Estrella
|
Batting: RHB Matt O'Dea
|
0-0: Called Strike 0-1: Swinging Strike 0-2: SINGLE (Line Drive, 6D, EV 93.8 MPH)
|
Batting: RHB Josh Hopp
|
0-0: Called Strike 0-1: Ball 1-1: Foul Ball, location: 2F 1-2: Ball 2-2: Foul Ball, location: 2F 2-2: Strikes out looking
|
Batting: LHB Keith Long
|
0-0: Fly out, F8 (Flyball, 8LM, EV 95.6 MPH)
|
Batting: RHB Matt Berrier
|
0-0: Called Strike 0-1: Foul Ball, location: 2F 0-2: Ball 1-2: Foul Ball, location: 2F 1-2: Ball 2-2: Foul Ball, location: 2F 2-2: Strikes out swinging
|
Bottom of the 6th over - 0 runs, 1 hit, 0 errors, 1 left on base; Hudson Valley 1 - Aberdeen 3 |
TOP OF THE 7TH |
Hudson Valley Renegades batting - Pitching for Aberdeen Ironbirds : RHP Jose Santos
|
Batting: LHB Jeremy Burton
|
0-0: Ball 1-0: Swinging Strike 1-1: Ball 2-1: Ball 3-1: Foul Ball, location: 2F 3-2: Base on Balls
|
Batting: SHB Josif Popovski
|
0-0: Bunted foul 0-1: Ball 1-1: Called Strike Jeremy Burton is caught stealing 2nd base 2-6 1-2: Ground out 6-3 (Groundball, 56D, EV 92.5 MPH)
|
Batting: LHB Alex Genao
|
0-0: Called Strike 0-1: Ball 1-1: Ball 2-1: Swinging Strike 2-2: Foul Ball, location: 2F 2-2: Strikes out swinging
|
Top of the 7th over - 0 runs, 0 hits, 0 errors, 0 left on base; Hudson Valley 1 - Aberdeen 3 |
BOTTOM OF THE 7TH |
Aberdeen Ironbirds batting - Pitching for Hudson Valley Renegades : RHP Juan Estrella
|
Pitching: LHP Toshiaki Wada
|
|
Batting: RHB Daniel Jackson
|
0-0: Called Strike 0-1: Swinging Strike 0-2: Strikes out swinging
|
Batting: RHB Luke Vaccarino
|
0-0: Ball 1-0: Called Strike 1-1: Foul Ball, location: 2F 1-2: Strikes out looking
|
Batting: RHB Ismael Macedo
|
0-0: Ball 1-0: Called Strike 1-1: Ball 2-1: Ball 3-1: Fly out, F8 (Line Drive, 8LM, EV 90.0 MPH)
|
Bottom of the 7th over - 0 runs, 0 hits, 0 errors, 0 left on base; Hudson Valley 1 - Aberdeen 3 |
TOP OF THE 8TH |
Hudson Valley Renegades batting - Pitching for Aberdeen Ironbirds : RHP Jose Santos
|
Pitching: RHP Casey Tietjen
|
|
Batting: LHB Jonathan Spino
|
0-0: Ball 1-0: Ball 2-0: Ball 3-0: Called Strike 3-1: Ground out 4-3 (Groundball, 4, EV 102.5 MPH)
|
Batting: SHB Chris Lockart
|
0-0: Called Strike 0-1: Ball 1-1: SINGLE (Groundball, 56D, EV 98.1 MPH)
|
Batting: SHB Joey Pacheco
|
0-0: Fielders Choice at 2nd, 4-6 (Groundball, 4, EV 94.4 MPH)
|
Batting: LHB Eric Toney
|
0-0: Ball 1-0: Ball 2-0: Called Strike 2-1: Foul Ball, location: 2F 2-2: Foul Ball, location: 2F 2-2: Foul Ball, location: 2F 2-2: Ball 3-2: SINGLE (Line Drive, 6D, EV 106.2 MPH) Joey Pacheco to second Joey Pacheco to third
|
Batting: RHB Dave Galloway
|
0-0: Foul Ball, location: 2F 0-1: Ball 1-1: Called Strike 1-2: Foul Ball, location: 2F 1-2: SINGLE (Flyball, 56D, EV 81.2 MPH) Joey Pacheco scores Eric Toney to second
|
Batting: RHB Nelle Lommen
|
0-0: Swinging Strike 0-1: Ball 1-1: Called Strike 1-2: Ground out U3 (Groundball, 3S, EV 68.8 MPH)
|
Top of the 8th over - 1 run, 3 hits, 0 errors, 2 left on base; Hudson Valley 2 - Aberdeen 3 |
BOTTOM OF THE 8TH |
Aberdeen Ironbirds batting - Pitching for Hudson Valley Renegades : LHP Toshiaki Wada
|
Batting: RHB Tony Godley
|
0-0: Swinging Strike 0-1: Called Strike 0-2: Ball 1-2: Strikes out swinging
|
Batting: RHB Mike Pitts
|
0-0: Ball 1-0: Fly out, F9 (Flyball, 9LSF, EV 87.5 MPH)
|
Batting: RHB Matt O'Dea
|
0-0: Fly out, F3 (Popup, 3F, EV 60.0 MPH)
|
Bottom of the 8th over - 0 runs, 0 hits, 0 errors, 0 left on base; Hudson Valley 2 - Aberdeen 3 |
TOP OF THE 9TH |
Hudson Valley Renegades batting - Pitching for Aberdeen Ironbirds : RHP Casey Tietjen
|
Batting: LHB Jeremy Burton
|
0-0: Called Strike 0-1: Foul Ball, location: 2F 0-2: Fly out, F9 (Flyball, 9, EV 84.4 MPH)
|
Pinch Hitting: LHB Helmut Steggall
|
0-0: Swinging Strike 0-1: Foul Ball, location: 2F 0-2: Ball 1-2: Ball 2-2: Ball 3-2: Strikes out swinging
|
Pitching: RHP Nick Hodge
|
|
Batting: LHB Alex Genao
|
0-0: Called Strike 0-1: Foul Ball, location: 2F 0-2: Strikes out swinging
|
Top of the 9th over - 0 runs, 0 hits, 0 errors, 0 left on base; Hudson Valley 2 - Aberdeen 3 |
|